 Dungeon Crawl Stone Soup version 0.22-a0-223-g0f5d773 (webtiles) character file.

8 pokedragonboy the Skirmisher (level 2, 24/24 HPs)
             Began as a Demonspawn Fighter on Feb 18, 2018.
             Quit the game on level 1 of the Dungeon.
             The game lasted 00:00:19 (160 turns).

pokedragonboy the Skirmisher (Demonspawn Fighter)    Turns: 160, Time: 00:00:19

Health: 24/24      AC:  6    Str: 16    XL:     2   Next: 0%
Magic:  2/2        EV:  6    Int:  9    God:
Gold:   0          SH:  8    Dex: 12    Spells: 1/1 levels left

rFire    . . .     SeeInvis .   a - +0 war axe
rCold    . . .     Gourm    .   c - +0 shield
rNeg     . . .     Faith    .   b - +0 scale mail
rPois    .         Spirit   .   (no helmet)
rElec    .         Reflect  .   (no cloak)
rCorr    .         Harm     .   (no gloves)
MR       .....                  (no boots)
Stlth    +.........             (no amulet)
HPRegen  0.08/turn              (no ring)
MPRegen  0.08/turn              (no ring)

@: no status effects
A: nightstalker 1
a: no special abilities


You were on level 1 of the Dungeon.
You were not hungry.

You visited 1 branch of the dungeon, and saw 1 of its levels.

Inventory:

Hand Weapons
 a - a +0 war axe (weapon)
Armour
 b - a +0 scale mail (worn)
 c - a +0 shield (worn)
Jewellery
 h - an uncursed amulet of harm {unknown}
Scrolls
 e - a scroll of teleportation {unknown}
 i - a scroll of remove curse {unknown}
Potions
 d - a potion of might
Comestibles
 f - a ration
 g - 5 chunks of flesh


   Skills:
 + Level 3.1 Fighting
 * Level 2.2 Axes
 + Level 2.8 Armour
 - Level 2.6 Shields


You had one spell level left.
You didn't know any spells.

Dungeon Overview and Level Annotations

Branches:
Dungeon (1/15)

Altars:


Innate Abilities, Weirdness & Mutations

You are slightly more attuned to the shadows.


Message History

You hit the hobgoblin but do no damage. The hobgoblin barely misses you.
The frilled lizard barely misses you.
The hobgoblin hits you but does no damage.
You slash the hobgoblin!
You kill the hobgoblin!
You closely miss the frilled lizard. The frilled lizard barely misses you.
You hit the frilled lizard.
You kill the frilled lizard!
You have reached level 2!
Your demonic ancestry asserts itself...
You slip into the darkness of the dungeon.
You start resting.
HP restored.
e - a scroll labeled DICUJU GARIETYESS
h - a triangular sapphire amulet You butcher the frilled lizard corpse.
g - 5 chunks of flesh (gained 1)
You see here a club.
i - a scroll labeled ARIROPL XIURPHU Are you sure you want to abandon this character and quit the game? (Confirm with "yes".)

#.##................### ..
#...........#......##.# #
............####...<....#
#..#..........#####.......#
##.#######....).#####.#....>
..............#####...#.
................## #.#
......##.##....... .# ......
#.##@.##... .............!#
.. .#####.#####..# . ....
#.#.. .#### ..


There were no monsters in sight!

Vanquished Creatures
  2 bats (D:1)
  A goblin (D:1)
  A hobgoblin (D:1)
  3 frilled lizards (D:1)
  2 rats (D:1)
9 creatures vanquished.

Notes
Turn   | Place    | Note
-------+----------+-------------------------------------------
     0 | D:1      | pokedragonboy the Demonspawn Fighter began the quest for the Orb.
     0 | D:1      | Reached XP level 1. HP: 18/18 MP: 1/1
    54 | D:1      | Gained mutation: You are slightly more attuned to the shadows. [demonic ancestry]
    54 | D:1      | Reached XP level 2. HP: 17/24 MP: 2/2
   160 | D:1      | Quit the game

Vault maps used:
D:1:      dpeg_arrival_long_road, serial_corexii_hall, corexii_hall_statues_t,
          corexii_hall_statues_i

Skill      XL: |  1 |
---------------+----+-----
Axes           | 2 |  2.2
Fighting       | |  3.1
Armour         | |  2.8
Shields        | |  2.6

Action                   || total
-------------------------++-------
Melee: War axe           ||    26
Armor: Scale mail        ||    15
Dodge: Dodged            ||     9
Block: Shield            ||    11

Table legend:
 A = Spawn XP
 B = Non-spawn XP
 C = Spawn XP percentage of total XP
 D = Spawn monster count
 E = Non-spawn monster count
 F = Spawn count percentage of total count
 G = Total turns spent on level
                    A         B        C        D         E        F      G
               +---------+---------+-------+---------+---------+-------+---------
         Total |       0 |      12 |   0.0 |       0 |       9 |   0.0 |   160
               +---------+---------+-------+---------+---------+-------+---------
           D:1 |       0 |      12 |   0.0 |       0 |       9 |   0.0 |   160
               +---------+---------+-------+---------+---------+-------+---------
